TOP OF THE 1ST |
Pittsburgh Pirates batting - Pitching for Milwaukee Brewers : LHP Dale Ahernfeld
|
Pitching: LHP Dale Ahernfeld
|
|
Batting: RHB Andrew Robinson
|
0-0: Called Strike 0-1: Swinging Strike 0-2: Ball 1-2: Foul Ball, location: 2F 1-2: Strikes out swinging
|
Batting: LHB Brad Pepin
|
0-0: Called Strike 0-1: Called Strike 0-2: Foul Ball, location: 2F 0-2: Ball 1-2: Ball 2-2: Ball 3-2: Base on Balls
|
Batting: RHB David Contreras
|
0-0: Called Strike 0-1: Ball 1-1: Ball 2-1: 2-RUN HOME RUN (Flyball, 7D, EV 98.1 MPH), Distance : 398 ft
|
Batting: RHB Jason Moss
|
0-0: Called Strike 0-1: Foul Ball, location: 2F 0-2: Ground out 6-3 (Groundball, 6, EV 86.2 MPH)
|
Batting: LHB Xavier Pittman
|
0-0: Called Strike 0-1: Ball 1-1: Foul Ball, location: 2F 1-2: Ball 2-2: Foul Ball, location: 2F 2-2: Foul Ball, location: 2F 2-2: Strikes out looking
|
Top of the 1st over - 2 runs, 1 hit, 0 errors, 0 left on base; Pittsburgh 2 - Milwaukee 0 |
BOTTOM OF THE 1ST |
Milwaukee Brewers batting - Pitching for Pittsburgh Pirates : LHP Sam Richardson
|
Pitching: LHP Sam Richardson
|
|
Batting: RHB Akitada Nishizawa
|
0-0: Ball 1-0: Foul Ball, location: 2F 1-1: Ball 2-1: Foul Ball, location: 2F 2-2: Foul Ball, location: 2F 2-2: Foul Ball, location: 2F 2-2: Strikes out swinging, 2-3 out at first.
|
Batting: RHB Kisho Ito
|
0-0: Ball 1-0: Swinging Strike 1-1: Ball 2-1: Foul Ball, location: 2F 2-2: Ground out 4-3 (Groundball, 4, EV 80.0 MPH)
|
Batting: RHB Dave Gonzalez
|
0-0: Foul Ball, location: 2F 0-1: Ball 1-1: Ball 2-1: Ground out 5-3 (Groundball, 56, EV 88.1 MPH)
|
Bottom of the 1st over - 0 runs, 0 hits, 0 errors, 0 left on base; Pittsburgh 2 - Milwaukee 0 |
TOP OF THE 2ND |
Pittsburgh Pirates batting - Pitching for Milwaukee Brewers : LHP Dale Ahernfeld
|
Batting: LHB Micah Boshnjaku
|
0-0: Swinging Strike 0-1: Ball 1-1: Fly out, F8 (Line Drive, 78M, EV 89.4 MPH)
|
Batting: SHB Jack Andrews
|
0-0: Called Strike 0-1: Ball 1-1: Ground out 6-3 (Groundball, 6, EV 78.1 MPH)
|
Batting: SHB Brad Day
|
0-0: Ball 1-0: Foul Ball, location: 2F 1-1: Ball 2-1: Called Strike 2-2: Fly out, F7 (Flyball, 7D, EV 92.5 MPH)
|
Top of the 2nd over - 0 runs, 0 hits, 0 errors, 0 left on base; Pittsburgh 2 - Milwaukee 0 |
BOTTOM OF THE 2ND |
Milwaukee Brewers batting - Pitching for Pittsburgh Pirates : LHP Sam Richardson
|
Batting: RHB Ryan Neal
|
0-0: Foul Ball, location: 2F 0-1: Ball 1-1: Ball 2-1: Called Strike 2-2: Ball 3-2: Base on Balls
|
Batting: LHB Ernesto Cedillos
|
0-0: Ball 1-0: Ball 2-0: Foul Ball, location: 2F 2-1: Foul Ball, location: 2F 2-2: Strikes out swinging
|
Batting: LHB Eric Klasek
|
0-0: Called Strike 0-1: Foul Ball, location: 2F 0-2: Foul Ball, location: 2F 0-2: Ball 1-2: Strikes out swinging
|
Batting: SHB Jamel Wright
|
0-0: Called Strike 0-1: Ball 1-1: DOUBLE (Line Drive, 5D, EV 95.0 MPH) Ryan Neal to third Runner from 3rd tries for Home, SAFE, throw by LF to home
|
Batting: RHB Noah Stanley
|
0-0: SINGLE (Flyball, 8RS, EV 95.6 MPH) Jamel Wright to third Runner from 3rd tries for Home, SAFE, throw by CF to home
|
Batting: RHB Colin Boddy
|
0-0: Called Strike 0-1: Called Strike 0-2: Ball 1-2: Foul Ball, location: 2F 1-2: Strikes out swinging
|
Bottom of the 2nd over - 2 runs, 2 hits, 0 errors, 1 left on base; Pittsburgh 2 - Milwaukee 2 |
TOP OF THE 3RD |
Pittsburgh Pirates batting - Pitching for Milwaukee Brewers : LHP Dale Ahernfeld
|
Batting: LHB Jorge Quintana
|
0-0: Ball 1-0: Called Strike 1-1: Called Strike 1-2: Ground out 4-3 (Groundball, 4M, EV 85.0 MPH)
|
Batting: RHB Andrew Robinson
|
0-0: Ball 1-0: Foul Ball, location: 2F 1-1: Ball 2-1: Swinging Strike 2-2: Ball 3-2: Base on Balls
|
Batting: LHB Brad Pepin
|
0-0: Ball 1-0: Ball 2-0: Grounds into double play, 4-6-3 (Groundball, 4, EV 88.8 MPH)
|
Top of the 3rd over - 0 runs, 0 hits, 0 errors, 0 left on base; Pittsburgh 2 - Milwaukee 2 |
BOTTOM OF THE 3RD |
Milwaukee Brewers batting - Pitching for Pittsburgh Pirates : LHP Sam Richardson
|
Batting: RHB Akitada Nishizawa
|
0-0: Ball 1-0: Called Strike 1-1: Called Strike 1-2: Ball 2-2: TRIPLE (Flyball, 89XD, EV 91.9 MPH)
|
Batting: RHB Kisho Ito
|
0-0: Ground out 5-3 (Groundball, 56, EV 85.0 MPH) Akitada Nishizawa scores
|
Batting: RHB Dave Gonzalez
|
0-0: Fly out, F9 (Flyball, 89S, EV 82.5 MPH)
|
Batting: RHB Ryan Neal
|
0-0: Ball 1-0: Ball 2-0: SOLO HOME RUN (Flyball, 7D, EV 100.0 MPH), Distance : 381 ft
|
Batting: LHB Ernesto Cedillos
|
0-0: Ball 1-0: Swinging Strike 1-1: Foul Ball, location: 2F 1-2: Ball 2-2: Ball 3-2: SOLO HOME RUN (Flyball, 7D, EV 98.1 MPH), Distance : 386 ft
|
Pitching: RHP Rogelio Nunez
|
|
Batting: LHB Eric Klasek
|
0-0: Ball 1-0: Ground out 5-3 (Groundball, 56, EV 100.0 MPH)
|
Bottom of the 3rd over - 3 runs, 3 hits, 0 errors, 0 left on base; Pittsburgh 2 - Milwaukee 5 |
TOP OF THE 4TH |
Pittsburgh Pirates batting - Pitching for Milwaukee Brewers : LHP Dale Ahernfeld
|
Batting: RHB David Contreras
|
0-0: Ball 1-0: Called Strike 1-1: Ground out 4-3 (Groundball, 4M, EV 90.6 MPH)
|
Batting: RHB Jason Moss
|
0-0: Ball 1-0: DOUBLE (Line Drive, 7LM, EV 99.4 MPH)
|
Batting: LHB Xavier Pittman
|
0-0: Called Strike 0-1: Foul Ball, location: 2F 0-2: Ball 1-2: Ball 2-2: Fly out, F8 (Flyball, 8RD, EV 103.8 MPH)
|
Batting: LHB Micah Boshnjaku
|
0-0: Ball 1-0: Ground out 3-1 (Groundball, 34, EV 105.0 MPH)
|
Top of the 4th over - 0 runs, 1 hit, 0 errors, 1 left on base; Pittsburgh 2 - Milwaukee 5 |
BOTTOM OF THE 4TH |
Milwaukee Brewers batting - Pitching for Pittsburgh Pirates : RHP Rogelio Nunez
|
Batting: SHB Jamel Wright
|
0-0: Fly out, F8 (Flyball, 89XD, EV 88.8 MPH)
|
Batting: RHB Noah Stanley
|
0-0: Called Strike 0-1: Fly out, F9 (Flyball, 9, EV 98.8 MPH)
|
Batting: RHB Colin Boddy
|
0-0: Called Strike 0-1: Ground out 6-3 (Groundball, 6, EV 105.0 MPH)
|
Bottom of the 4th over - 0 runs, 0 hits, 0 errors, 0 left on base; Pittsburgh 2 - Milwaukee 5 |
TOP OF THE 5TH |
Pittsburgh Pirates batting - Pitching for Milwaukee Brewers : LHP Dale Ahernfeld
|
Batting: SHB Jack Andrews
|
0-0: Swinging Strike 0-1: Swinging Strike 0-2: Foul Ball, location: 2F 0-2: Ball 1-2: Foul Ball, location: 2F 1-2: Foul Ball, location: 2F 1-2: Strikes out looking
|
Batting: SHB Brad Day
|
0-0: Called Strike 0-1: Called Strike 0-2: Foul Ball, location: 2F 0-2: Foul Ball, location: 2F 0-2: Ball 1-2: Foul Ball, location: 2F 1-2: Ground out 6-3 (Groundball, 6, EV 89.4 MPH)
|
Batting: LHB Jorge Quintana
|
0-0: Ball 1-0: Fly out, F5 (Popup, 25F, EV 78.1 MPH)
|
Top of the 5th over - 0 runs, 0 hits, 0 errors, 0 left on base; Pittsburgh 2 - Milwaukee 5 |
BOTTOM OF THE 5TH |
Milwaukee Brewers batting - Pitching for Pittsburgh Pirates : RHP Rogelio Nunez
|
Batting: RHB Akitada Nishizawa
|
0-0: Ground out 5-3 (Groundball, 56, EV 105.0 MPH)
|
Batting: RHB Kisho Ito
|
0-0: Called Strike 0-1: Fly out, F9 (Line Drive, 9LM, EV 106.2 MPH)
|
Batting: RHB Dave Gonzalez
|
0-0: Fly out, F3 (Popup, 3SF, EV 75.6 MPH)
|
Bottom of the 5th over - 0 runs, 0 hits, 0 errors, 0 left on base; Pittsburgh 2 - Milwaukee 5 |
TOP OF THE 6TH |
Pittsburgh Pirates batting - Pitching for Milwaukee Brewers : LHP Dale Ahernfeld
|
Batting: RHB Andrew Robinson
|
0-0: Ball 1-0: Called Strike 1-1: Swinging Strike 1-2: Ball 2-2: Foul Ball, location: 2F 2-2: Strikes out swinging
|
Pitching: RHP Chitoji Takemoto
|
|
Batting: LHB Brad Pepin
|
0-0: Ball 1-0: Called Strike 1-1: Swinging Strike 1-2: Foul Ball, location: 2F 1-2: Strikes out swinging
|
Batting: RHB David Contreras
|
0-0: Called Strike 0-1: SINGLE (Groundball, 34D, EV 98.8 MPH)
|
Batting: RHB Jason Moss
|
0-0: Called Strike 0-1: Called Strike 0-2: Ball 1-2: Strikes out looking
|
Top of the 6th over - 0 runs, 1 hit, 0 errors, 1 left on base; Pittsburgh 2 - Milwaukee 5 |
BOTTOM OF THE 6TH |
Milwaukee Brewers batting - Pitching for Pittsburgh Pirates : RHP Rogelio Nunez
|
Batting: RHB Ryan Neal
|
0-0: Ball 1-0: Called Strike 1-1: Ball 2-1: Ground out 6-3 (Groundball, 6, EV 89.4 MPH)
|
Batting: LHB Ernesto Cedillos
|
0-0: Called Strike 0-1: Ball 1-1: Called Strike 1-2: Fly out, F9 (Flyball, 9D, EV 98.1 MPH)
|
Batting: LHB Eric Klasek
|
0-0: Ball 1-0: Ball 2-0: Ball 3-0: Foul Ball, location: 2F 3-1: Base on Balls
|
Batting: SHB Jamel Wright
|
0-0: Foul Ball, location: 2F 0-1: Fly out, F7 (Flyball, 7, EV 92.5 MPH)
|
Bottom of the 6th over - 0 runs, 0 hits, 0 errors, 1 left on base; Pittsburgh 2 - Milwaukee 5 |
TOP OF THE 7TH |
Pittsburgh Pirates batting - Pitching for Milwaukee Brewers : RHP Chitoji Takemoto
|
Pitching: RHP John Owens
|
|
Batting: LHB Xavier Pittman
|
0-0: Called Strike 0-1: Swinging Strike 0-2: Ball 1-2: Ground out 4-3 (Groundball, 4M, EV 103.8 MPH)
|
Batting: LHB Micah Boshnjaku
|
0-0: Ball 1-0: Ball 2-0: SINGLE (Line Drive, 3D, EV 94.4 MPH)
|
Batting: SHB Jack Andrews
|
0-0: Ball 1-0: Called Strike Micah Boshnjaku steals 2nd base 1-1: Ball 2-1: Fly out, F6 (Popup, 6M, EV 65.6 MPH)
|
Batting: SHB Brad Day
|
0-0: Foul Ball, location: 2F 0-1: Called Strike 0-2: Foul Ball, location: 2F 0-2: Strikes out swinging
|
Top of the 7th over - 0 runs, 1 hit, 0 errors, 1 left on base; Pittsburgh 2 - Milwaukee 5 |
BOTTOM OF THE 7TH |
Milwaukee Brewers batting - Pitching for Pittsburgh Pirates : RHP Rogelio Nunez
|
Batting: RHB Noah Stanley
|
0-0: Ball 1-0: Swinging Strike 1-1: Ball 2-1: Swinging Strike 2-2: Foul Ball, location: 2F 2-2: Foul Ball, location: 2F 2-2: Ball 3-2: Strikes out swinging
|
Batting: RHB Colin Boddy
|
0-0: Foul Ball, location: 2F 0-1: Swinging Strike 0-2: Strikes out swinging
|
Batting: RHB Akitada Nishizawa
|
0-0: Called Strike 0-1: Foul Ball, location: 2F 0-2: Strikes out swinging
|
Bottom of the 7th over - 0 runs, 0 hits, 0 errors, 0 left on base; Pittsburgh 2 - Milwaukee 5 |
TOP OF THE 8TH |
Pittsburgh Pirates batting - Pitching for Milwaukee Brewers : RHP John Owens
|
Batting: LHB Jorge Quintana
|
0-0: Ball 1-0: Called Strike 1-1: Called Strike 1-2: Foul Ball, location: 2F 1-2: Foul Ball, location: 2F 1-2: Foul Ball, location: 2F 1-2: Ball 2-2: Ball 3-2: Base on Balls
|
Batting: RHB Andrew Robinson
|
0-0: Called Strike 0-1: Ball 1-1: Called Strike 1-2: Ball 2-2: Ball 3-2: Base on Balls Jorge Quintana to second
|
Batting: LHB Brad Pepin
|
0-0: Grounds into double play, 4-6-3 (Groundball, 34, EV 111.9 MPH) Jorge Quintana to third
|
Batting: RHB David Contreras
|
0-0: Called Strike 0-1: Ball 1-1: Swinging Strike 1-2: Foul Ball, location: 2F 1-2: Foul Ball, location: 2F 1-2: Ball 2-2: Ball 3-2: Base on Balls
|
Pitching: RHP Travis Southern
|
|
Batting: SHB Marvin McAleer
|
0-0: Foul Ball, location: 2F 0-1: Foul Ball, location: 2F 0-2: Foul Ball, location: 2F 0-2: Foul Ball, location: 2F 0-2: Ball 1-2: Ball 2-2: Ball 3-2: Foul Ball, location: 2F 3-2: Fly out, F8 (Flyball, 8LM, EV 93.1 MPH)
|
Top of the 8th over - 0 runs, 0 hits, 0 errors, 2 left on base; Pittsburgh 2 - Milwaukee 5 |
BOTTOM OF THE 8TH |
Milwaukee Brewers batting - Pitching for Pittsburgh Pirates : RHP Rogelio Nunez
|
Pitching: RHP Walt Quinn
|
|
Batting: RHB Kisho Ito
|
0-0: Ball 1-0: Called Strike 1-1: Foul Ball, location: 2F 1-2: Strikes out swinging
|
Batting: RHB Dave Gonzalez
|
0-0: Called Strike 0-1: Ball 1-1: Ball 2-1: Ball 3-1: Foul Ball, location: 2F 3-2: Fly out, F8 (Flyball, 8LD, EV 89.4 MPH)
|
Batting: RHB Ryan Neal
|
0-0: Fly out, F7 (Flyball, 78M, EV 82.5 MPH)
|
Bottom of the 8th over - 0 runs, 0 hits, 0 errors, 0 left on base; Pittsburgh 2 - Milwaukee 5 |
TOP OF THE 9TH |
Pittsburgh Pirates batting - Pitching for Milwaukee Brewers : RHP Travis Southern
|
Batting: LHB Xavier Pittman
|
0-0: Swinging Strike 0-1: Swinging Strike 0-2: Strikes out swinging
|
Batting: LHB Micah Boshnjaku
|
0-0: Called Strike 0-1: Foul Ball, location: 2F 0-2: Ball 1-2: Foul Ball, location: 2F 1-2: SINGLE (Groundball, 56S, EV 68.8 MPH) (infield hit)
|
Batting: SHB Jack Andrews
|
0-0: Ball 1-0: Ball 2-0: Swinging Strike 2-1: Grounds into double play, 4-6-3 (Groundball, 3, EV 86.2 MPH)
|
Top of the 9th over - 0 runs, 1 hit, 0 errors, 0 left on base; Pittsburgh 2 - Milwaukee 5 |
|